 Dungeon Crawl Stone Soup version 0.30-a0-557-ge2afbf3030 (webtiles) character file.

Game seed: 13146955427428527669

216 bande the Shield-Bearer (level 5, -5/33 HPs)
             Began as a Gargoyle Fighter on Dec 28, 2022.
             Slain by Edmund
             ... wielding a +4 dire flail of protection
              (15 damage)
             ... on level 5 of the Dungeon.
             The game lasted 00:03:56 (2859 turns).

bande the Shield-Bearer (Gargoyle Fighter)          Turns: 2859, Time: 00:03:57

Health: -5/33      AC: 11    Str: 19    XL:     5   Next: 93%
Magic:  5/5        EV:  9    Int:  9    God:
Gold:   176        SH:  5    Dex: 11    Spells: 4/4 levels left

rFire   . . .      SeeInvis .    a - +0 war axe
rCold   . . .      Faith    .    c - +0 buckler
rNeg    + . .      Spirit   .    b - +0 scale mail
rPois   ∞          Reflect  .    (no helmet)
rElec   +          Harm     .    (no cloak)
rCorr   .          Rampage  .    (no gloves)
Will    .....                    (no boots) Stlth
                                 (no amulet)
HPRegen 0.25/turn                (no ring)
MPRegen 0.09/turn                (no ring)

@: no status effects
A: sickness immunity, AC +4, negative energy resistance 1, electricity
resistance, torment resistance 1, petrification resistance
a: no special abilities


You were on level 5 of the Dungeon.
You visited 1 branch of the dungeon, and saw 5 of its levels.

You collected 176 gold pieces.

Inventory:

Hand Weapons
 a - a +0 war axe (weapon)
 n - a +0 war axe
Armour
 b - a +0 scale mail (worn)
 c - a +0 buckler (worn)
Jewellery
 l - an amulet of magic regeneration
Wands
 m - a wand of charming (9)
Scrolls
 e - 2 scrolls of identify {unknown}
 g - a scroll of enchant armour {unknown}
 h - a scroll of fear {unknown}
 k - a scroll of butterflies {unknown}
 o - a scroll of vulnerability {unknown}
Potions
 d - a potion of might
 f - 2 potions of curing {unknown}
 i - 4 potions of heal wounds {unknown}
 j - a potion of flight {unknown}
 p - a potion of resistance {unknown}


   Skills:
 + Level 4.1 Fighting
 + Level 3.7 Axes
 + Level 4.0 Armour
 - Level 0.3 Stealth
 + Level 4.5 Shields


You had 4 spell levels left.
You didn't know any spells.
Your spell library contained the following spells:

 Spells                   Type           Power      Damage    Failure   Level
 Beastly Appendage        Tmut           0%         N/A       83%         1
 Sandblast                Erth           0%         2d4       83%         1
 Shock                    Conj/Air       0%         1d3       83%         1
 Wereblood                Tmut           0%         N/A       93%         2
 Dazzling Flash           Conj/Hex       0%         N/A       99%         3
 Gell's Gravitas          Tloc           0%         N/A       99%         3
 Spider Form              Tmut/Pois      0%         N/A       99%         3
 Swiftness                Air            0%         N/A       99%         3
 Teleport Other           Tloc           0%         N/A       99%         3
 Airstrike                Air            0%         2d(0-16)  100%        4
 Iskenderun's Mystic Bla  Conj/Tloc      0%         2d3       100%        4
 Irradiate                Conj/Tmut      0%         3d11      100%        5
 Dispersal                Tloc           0%         N/A       100%        6
 Starburst                Conj/Fire      0%         6d3       100%        6
 Necromutation            Tmut/Necr      0%         N/A       100%        8


Dungeon Overview and Level Annotations

Branches:
Dungeon (5/15)             Temple (0/1) D:4

Altars:
Ru
Vehumet

Annotations:
D:5 Edmund


Innate Abilities, Weirdness & Mutations

You are immune to sickness and miasma.
Your stone body is resilient. (AC +4)
You are immune to poison.
You resist negative energy. (rN+)
You are resistant to electric shocks. (rElec)
You are resistant to unholy torment.
You are immune to petrification.


Message History

You hit the orc.
You kill the orc!
No target in view!
No target in view!
No target in view!
No target in view!
No target in view!
HP restored.
Things that are here:
a +0 club; an orc corpse You open the door.
Edmund the Younger comes into view.
He is wielding a +4 dire flail of protection and wearing a +1 chain mail of willpower.
Edmund shouts!
Edmund is nearby!
A scorpion comes into view.
Found 16 gold pieces.
There is an open door here.
Edmund completely misses you.
You closely miss Edmund.
Edmund hits you with a +4 dire flail of protection.
You barely miss Edmund. You closely miss the scorpion.
The scorpion stings you but does no damage.
Edmund hits you with a +4 dire flail of protection!
The scorpion barely misses you.
You hit Edmund but do no damage. You slash the scorpion!
Edmund barely misses you. The scorpion barely misses you.
Edmund hits you with a +4 dire flail of protection.
You are too injured to fight recklessly!
You are too injured to fight recklessly!
You are too injured to fight recklessly!
You are too injured to fight recklessly!
You are too injured to fight recklessly!
You are too injured to fight recklessly!
You are too injured to fight recklessly!
You are too injured to fight recklessly!
You are too injured to fight recklessly!
Unknown command.
You barely miss Edmund. You closely miss the scorpion. The scorpion stings you.
Edmund hits you with a +4 dire flail of protection!
You die...

#############..
................
................
................
................
................
................
......@@s......$
########'###########
..................#
..................#
..................+
###########.#######
#...####.##
#.........#
#.........#


You could see Edmund and a scorpion.

Vanquished Creatures
  Jessica (D:2)
  An iguana (D:4)
  An orc wizard (D:3)
  3 gnolls (D:3)
  3 adders
  A worm (D:3)
  8 orcs
  5 bats
  4 endoplasms
  2 giant cockroaches (D:3)
  8 goblins
  6 hobgoblins
  7 kobolds
  5 quokkas
  10 ball pythons
  3 frilled lizards
  4 rats
72 creatures vanquished.

Notes
Turn   | Place    | Note
-------+----------+-------------------------------------------
     0 | D:1      | bande the Gargoyle Fighter began the quest for the Orb.
     0 | D:1      | Reached XP level 1. HP: 14/14 MP: 1/1
    92 | D:1      | Reached XP level 2. HP: 19/19 MP: 2/2
   232 | D:1      | Reached XP level 3. HP: 19/24 MP: 3/3
   502 | D:2      | You fall into a shaft and drop 1 floor!
   517 | D:3      | Found a radiant altar of Vehumet.
   519 | D:3      | Found a sacrificial altar of Ru.
   675 | D:3      | Reached XP level 4. HP: 17/29 MP: 4/4
  1076 | D:2      | Noticed Jessica
  1085 | D:2      | Killed Jessica
  1176 | D:2      | Found a faded altar of an unknown god.
  1494 | D:3      | Reached XP level 5. HP: 33/33 MP: 5/5
  2496 | D:4      | Found a staircase to the Ecumenical Temple.
  2561 | D:4      | Got the Collected Works on the Caves and Shapes
  2796 | D:5      | Entered Level 5 of the Dungeon
  2853 | D:5      | Noticed Edmund
  2859 | D:5      | Slain by Edmund

Illustrated notes

Levels and vault maps discovered:
D:1:      dpeg_arrival_shelter, layout_rooms
D:2:      layout_loops_ring, shapermc_ecumenical_altar_notcrosses, uniq_jessica
D:3:      layout_basic, mainiacjoe_overflow_divided_tiny, hex_large,
          minivault_4, chequers_serial_rivers_micro_d, grunt_ministairs_10,
          hangedman_decor_push
D:4:      layout_basic, minmay_temple_entry_from_below_a
D:5:      layout_gridville, dreamdust_princess_corridor, uniq_edmund

Skill      XL: |  1  2  3  4  5 |
---------------+----------------+-----
Axes           | 2 3 |  3.7
Shields        | 4 |  4.5
Fighting       | 4 |  4.1
Armour         | 4 |  4.0
Stealth        | |  0.3

Action                   |  1- 3 |  4- 6 || total
-------------------------+-------+-------++-------
Melee: War axe           |    87 |   101 ||   188
Armor: Scale mail        |    48 |    58 ||   106
Dodge: Dodged            |    43 |    49 ||    92
Block: Buckler           |    24 |    27 ||    51

Table legend: (Time is in decaauts)
 A = Elapsed time spent in this place.
 B = Non-inter-level travel time spent in this place.
 C = Inter-level travel time spent in this place.
 D = Time resting spent in this place.
 E = Time spent auto-exploring this place.
 F = Levels seen in this place.
 G = Mean time per level.
                   A        B        C        D        E       F      G
               +--------+--------+--------+--------+--------+-----+--------+
         Total |   2942 |   2874 |     68 |    151 |   2156 |   5 |  588.4 |
       Dungeon |   2942 |   2874 |     68 |    151 |   2156 |   5 |  588.4 |
               +--------+--------+--------+--------+--------+-----+--------+

Top non-repeatable levels by time:
     D:3: 1239 daAuts
     D:2: 693 daAuts
     D:4: 484 daAuts
     D:1: 461 daAuts
     D:5: 64 daAuts
